 Dungeon Crawl Stone Soup version 0.17.0-17-ge4ba49f (console) character file.

1909934 Garrluk the Conqueror (level 26, 193/193 HPs)
             Began as a Gargoyle Berserker on Nov 11, 2015.
             Was a High Priest of Trog.
             Escaped with the Orb
             ... and 3 runes!
             The game lasted 03:19:57 (51040 turns).

Garrluk the Conqueror (Gargoyle Berserker)         Turns: 51040, Time: 03:19:57

Health: 193/193    AC: 71    Str: 31    XL:     26   Next: 21%
Magic:  23/23      EV: 10    Int: 16    God:    Trog [*****.]
Gold:   2229       SH:  0    Dex:  9    Spells: 0 memorised, 25 levels left

rFire  + . .     SeeInvis .     a - +8 great mace {crush, rPois}
rCold  + . .     Clarity  .     h - +9 gold dragon armour
rNeg   + . .     SustAt   .     (shield currently unavailable)
rPois  ∞         Gourm    .     p - +2 helmet {Int+3}
rElec  +         Spirit   .     U - +3 cloak of Egalitarianism {Int+3}
rCorr  .         Warding  .     C - +0 pair of gloves
rMut   .         Stasis   .     T - +2 pair of boots
MR     ++...                    e - amulet of regeneration
Stlth  ..........               Z - ring of protection from magic
                                L - +6 ring of slaying

@: flying, very slightly contaminated, hasted, very quick, very resistant to
hostile enchantments, extremely unstealthy
A: big wings, negative energy resistance 1, electricity resistance, unbreathing,
petrification resistance, rot immunity, AC +19
a: Stop Flying, Berserk, Trog's Hand, Brothers in Arms, Burn Spellbooks,
Renounce Religion
0: Orb of Zot
}: 3/15 runes: decaying, serpentine, silver


You escaped.
You worshipped Trog.
Trog was extremely pleased with you.
You were very full.

You visited 9 branches of the dungeon, and saw 53 of its levels.
You visited the Abyss 1 time.
You also visited: Ice Cave.

You collected 6097 gold pieces.
You spent 3868 gold pieces at shops.

Notes
Turn   | Place    | Note
--------------------------------------------------------------
     0 | D:1      | Garrluk the Gargoyle Berserker began the quest for the Orb.
     0 | D:1      | Reached XP level 1. HP: 14/14 MP: 1/1
    80 | D:1      | Reached XP level 2. HP: 19/19 MP: 2/2
   368 | D:1      | Reached ** piety under Trog
   394 | D:1      | Reached XP level 3. HP: 20/23 MP: 3/3
   410 | D:1      | Reached skill level 4 in Maces & Flails
   885 | D:2      | Reached skill level 1 in Throwing
  1039 | D:2      | Noticed Terence
  1044 | D:2      | Killed Terence
  1044 | D:2      | Reached XP level 4. HP: 28/28 MP: 4/4
  1076 | D:2      | Found an opulent altar of Gozag.
  1216 | D:2      | Found a shattered altar of Ashenzari.
  1403 | D:2      | Reached *** piety under Trog
  1463 | D:2      | Noticed Crazy Yiuf
  1474 | D:2      | Killed Crazy Yiuf
  1474 | D:2      | Reached skill level 5 in Maces & Flails
  1474 | D:2      | Reached XP level 5. HP: 32/32 MP: 5/5
  1987 | D:3      | Noticed 2tc's ghost (amateur DgCj)
  2005 | D:3      | Killed 2tc's ghost
  2005 | D:3      | Reached XP level 6. HP: 32/37 MP: 6/6
  2074 | D:3      | Found a glowing silver altar of Zin.
  2343 | D:4      | Reached skill level 6 in Maces & Flails
  2554 | D:4      | Reached XP level 7. HP: 33/41 MP: 7/7
  2570 | D:4      | Noticed Garrluk's ghost (novice GrBe)
  2608 | D:5      | Entered Level 5 of the Dungeon
  2628 | D:5      | Reached skill level 7 in Maces & Flails
  2860 | D:4      | Got a citrine-encrusted ring mail
  2861 | D:4      | Identified the +4 ring mail of the Hot Ocelot {*Contam rPois MR++} (You found it on level 4 of the Dungeon)
  2898 | D:4      | Noticed Blork the orc
  3013 | D:4      | Killed Garrluk's ghost
  3013 | D:4      | Reached XP level 8. HP: 46/46 MP: 8/8
  3149 | D:4      | Noticed Pikel
  3174 | D:4      | Killed Pikel
  3174 | D:4      | Reached skill level 9 in Maces & Flails
  3174 | D:4      | Reached skill level 5 in Throwing
  3328 | D:4      | Found an iron altar of Okawaru.
  3442 | D:4      | Reached **** piety under Trog
  3714 | D:5      | Reached XP level 9. HP: 51/51 MP: 9/9
  3759 | D:5      | Noticed P0WERM0DE's ghost (novice OpWz)
  3800 | D:5      | Killed P0WERM0DE's ghost
  3800 | D:5      | Reached skill level 10 in Maces & Flails
  3850 | D:5      | Found a staircase to the Ecumenical Temple.
  4306 | D:6      | Found a shimmering altar of Xom.
  4335 | D:6      | Reached ***** piety under Trog
  4579 | D:6      | Got a jewelled battleaxe
  4580 | D:6      | Identified the +7 battleaxe of Ficado Yfry {chop, rC- rN+ Int+6 Stlth+} (You found it on level 6 of the Dungeon)
  4608 | D:6      | Reached skill level 11 in Maces & Flails
  4768 | D:6      | Killed Blork the orc
  5097 | D:6      | Received a gift from Trog
  5163 | D:6      | Found a burning altar of Makhleb.
  5205 | D:7      | Found a burning altar of Makhleb.
  5213 | D:7      | Found a stormy altar of Qazlal.
  5363 | D:7      | Reached XP level 10. HP: 52/56 MP: 10/10
  5611 | D:7      | Found a deep blue altar of Sif Muna.
  6022 | D:7      | Reached skill level 12 in Maces & Flails
  6101 | D:8      | Got a translucent dagger
  6102 | D:8      | Identified the +6 dagger of Wounding {flame, rPois Int+4} (You found it on level 8 of the Dungeon)
  6304 | D:8      | Noticed a cyclops
  6323 | D:8      | Killed a cyclops
  7223 | D:9      | Noticed Erica
  7234 | D:9      | Killed Erica
  7234 | D:9      | Reached skill level 13 in Maces & Flails
  7272 | D:9      | Found a stormy altar of Qazlal.
  7377 | D:9      | Noticed Erolcha
  7392 | D:9      | Killed Erolcha
  7392 | D:9      | Received a gift from Trog
  7392 | D:9      | Reached skill level 5 in Fighting
  7392 | D:9      | Reached XP level 11. HP: 64/64 MP: 11/11
  7814 | D:9      | Noticed Gastronok
  7836 | D:9      | Killed Gastronok
  7836 | D:9      | Reached skill level 14 in Maces & Flails
  8017 | D:9      | Found a staircase to the Orcish Mines.
  8110 | D:9      | Received a gift from Trog
  8258 | D:10     | Entered Level 10 of the Dungeon
  8274 | D:10     | Received a gift from Trog
  8316 | D:10     | Noticed a hill giant
  8329 | D:10     | Killed a hill giant
  8428 | D:10     | Got a flickering tin amulet
  8430 | D:10     | Identified the amulet of the Sky {Inacc Dex+3} (You found it on level 10 of the Dungeon)
  8718 | D:10     | Found a staircase to the Lair.
  9001 | D:11     | Got a steaming halberd
  9002 | D:11     | Identified the +4 halberd "Otwi" {venom, Str+2} (You found it on level 11 of the Dungeon)
  9021 | D:11     | Noticed a hill giant
  9029 | D:11     | Killed a hill giant
  9085 | Lair:1   | Entered Level 1 of the Lair of Beasts
  9132 | Lair:1   | Found a frozen archway.
  9179 | Lair:1   | Reached skill level 15 in Maces & Flails
  9182 | Lair:1   | Reached XP level 12. HP: 37/73 MP: 12/12
  9303 | IceCv    | Entered an ice cave
  9316 | IceCv    | Noticed wobbegong's ghost (journeyman CeHu)
  9455 | IceCv    | Killed wobbegong's ghost
 10103 | IceCv    | Reached skill level 16 in Maces & Flails
 10110 | IceCv    | Got a fine helmet
 10121 | IceCv    | Identified the +0 helmet of Crawling {Stlth+} (You found it in an ice cave)
 10208 | Lair:1   | Noticed benitares's ghost (novice MiFi)
 10223 | Lair:1   | Killed benitares's ghost
 10976 | Lair:1   | Noticed a five-headed hydra
 10983 | Lair:1   | Killed a five-headed hydra
 10993 | Lair:1   | Reached skill level 10 in Fighting
 11127 | Lair:2   | Reached XP level 13. HP: 82/82 MP: 13/13
 11189 | Lair:2   | Noticed Nergalle
 11204 | Lair:2   | Killed Nergalle
 11204 | Lair:2   | Received a gift from Trog
 11343 | Lair:2   | Noticed a six-headed hydra
 11350 | Lair:2   | Killed a six-headed hydra
 11350 | Lair:2   | Reached skill level 17 in Maces & Flails
 11864 | Lair:3   | Found a staircase to the Snake Pit.
 12056 | Lair:3   | Received a gift from Trog
 13354 | Lair:5   | Received a gift from Trog
 13507 | Lair:5   | Reached skill level 5 in Armour
 13862 | Lair:5   | Received a gift from Trog
 14396 | Lair:5   | Gained mutation: Your large and strong wings let you fly indefinitely. [Gargoyle growth]
 14396 | Lair:5   | Reached XP level 14. HP: 94/94 MP: 14/14
 14834 | Lair:6   | Received a gift from Trog
 14842 | Lair:6   | Got a warped broad axe {god gift}
 14843 | Lair:6   | Identified the +4 broad axe of Dupes {freeze, rN+ Int+2} (Trog gifted it to you on level 6 of the Lair of Beasts)
 14897 | Lair:6   | Noticed Josephine
 14907 | Lair:6   | Killed Josephine
 15161 | Lair:6   | Found a staircase to the Swamp.
 15912 | Lair:7   | Noticed Avanven's ghost (journeyman MiMo)
 15927 | Lair:7   | Killed Avanven's ghost
 16102 | Lair:7   | Noticed Rupert
 16129 | Lair:7   | Killed Rupert
 16132 | Lair:7   | Received a gift from Trog
 16408 | Lair:7   | Received a gift from Trog
 16641 | Lair:8   | Entered Level 8 of the Lair of Beasts
 16756 | Lair:8   | Reached skill level 15 in Fighting
 16763 | Lair:8   | Found a staircase to the Slime Pits.
 17150 | Lair:8   | Found a runed door.
 17238 | Lair:8   | Received a gift from Trog
 17238 | Lair:8   | Reached XP level 15. HP: 95/104 MP: 15/15
 17490 | Lair:8   | Received a gift from Trog
 17491 | Lair:8   | Got a bloodstained hunting sling {god gift}
 17492 | Lair:8   | Identified the +6 hunting sling "Imunuple" {venom, rC+ Int+5 Dex+4} (Trog gifted it to you on level 8 of the Lair of Beasts)
 17631 | Lair:8   | Reached skill level 10 in Armour
 17757 | Lair:8   | Got a shimmering cloak
 17768 | Lair:8   | Identified the +3 cloak of Egalitarianism {Int+3} (You found it on level 8 of the Lair of Beasts)
 18385 | D:11     | Noticed a six-headed hydra
 18395 | D:11     | Killed a six-headed hydra
 18523 | D:11     | Noticed a hill giant
 18530 | D:11     | Killed a hill giant
 18845 | Orc:1    | Entered Level 1 of the Orcish Mines
 18850 | Orc:1    | Noticed Maurice
 18885 | Orc:1    | Killed Maurice
 19163 | Orc:1    | Reached ****** piety under Trog
 19266 | Orc:2    | Received a gift from Trog
 19982 | Orc:3    | Found a staircase to the Elven Halls.
 20347 | Orc:4    | Entered Level 4 of the Orcish Mines
 20371 | Orc:4    | Received a gift from Trog
 20554 | Orc:4    | Received a gift from Trog
 20555 | Orc:4    | Got a steaming great mace {god gift}
 20567 | Orc:3    | Identified the +8 great mace "Beast's Undoing" {crush, rPois} (Trog gifted it to you on level 4 of the Orcish Mines)
 20755 | Orc:4    | Found a roughly hewn altar of Beogh.
 21164 | Orc:4    | Received a gift from Trog
 21663 | Orc:4    | Found Taupupi's Food Emporium.
 21673 | Orc:4    | Found Nexze's Weapon Emporium.
 21677 | Orc:4    | Found Inig's Weapon Emporium.
 21677 | Orc:4    | Found Jeofiacu's Magic Scroll Shoppe.
 21859 | Orc:1    | Received a gift from Trog
 21973 | Snake:1  | Entered Level 1 of the Snake Pit
 22615 | Snake:1  | Received a gift from Trog
 22895 | Snake:2  | Reached XP level 16. HP: 108/112 MP: 16/16
 22950 | Snake:2  | Found Farefoc's Specialty Armours.
 23264 | Snake:2  | Noticed a greater naga
 23269 | Snake:2  | Killed a greater naga
 23269 | Snake:2  | Reached skill level 18 in Maces & Flails
 23432 | Snake:2  | Noticed Jorgrun
 23549 | Snake:3  | Found Ateoc's General Store.
 23572 | Snake:3  | Bought a wand of digging (7) for 308 gold pieces
 23940 | Snake:2  | Killed Jorgrun
 24340 | Snake:3  | Received a gift from Trog
 24390 | Snake:4  | Entered Level 4 of the Snake Pit
 25108 | Snake:4  | Received a gift from Trog
 25285 | Snake:4  | Received a gift from Trog
 25285 | Snake:4  | Reached skill level 19 in Maces & Flails
 25339 | Snake:4  | Reached XP level 17. HP: 119/119 MP: 17/17
 25370 | Snake:4  | Received a gift from Trog
 25486 | Snake:4  | Received a gift from Trog
 26202 | Snake:4  | Received a gift from Trog
 26622 | Snake:4  | Reached skill level 20 in Maces & Flails
 26646 | Snake:4  | Got a serpentine rune of Zot
 26891 | Swamp:1  | Entered Level 1 of the Swamp
 27053 | Swamp:1  | Noticed Aizul
 27065 | Swamp:1  | Killed Aizul
 27149 | Swamp:1  | Reached XP level 18. HP: 127/127 MP: 18/18
 27191 | Swamp:1  | Received a gift from Trog
 27341 | Swamp:1  | Noticed Louise
 27345 | Swamp:1  | Noticed Kirke
 27371 | Swamp:1  | Killed Kirke
 27385 | Swamp:1  | Killed Louise
 27486 | Swamp:1  | Received a gift from Trog
 28038 | Swamp:2  | Noticed a tentacled monstrosity
 28119 | Swamp:2  | Killed a tentacled monstrosity
 28177 | Swamp:2  | Got a transparent great mace
 28182 | Swamp:2  | Identified the +6 great mace "Ytreps" {vamp, rElec Int+2 Dex+2 SInv} (You found it on level 2 of the Swamp)
 28251 | Swamp:2  | Received a gift from Trog
 28982 | Swamp:4  | Entered Level 4 of the Swamp
 28994 | Swamp:4  | Received a gift from Trog
 29145 | Swamp:4  | Reached skill level 15 in Armour
 29776 | Swamp:4  | Noticed a bone dragon
 29790 | Swamp:4  | Killed a bone dragon
 29983 | Swamp:4  | Got a decaying rune of Zot
 30376 | D:12     | Noticed Frances
 30389 | D:12     | Killed Frances
 30389 | D:12     | Reached XP level 19. HP: 134/134 MP: 19/19
 30395 | D:12     | Received a gift from Trog
 31329 | D:13     | Got a twisted glaive
 31347 | D:13     | Identified the +8 glaive of Eternal Vigilance {freeze, MR++ Str-5 Dex+5} (You found it on level 13 of the Dungeon)
 31460 | D:13     | Received a gift from Trog
 31717 | D:13     | Received a gift from Trog
 31867 | D:13     | Found a gate to the Vaults.
 31998 | D:14     | Received a gift from Trog
 32521 | D:15     | Entered Level 15 of the Dungeon
 33138 | D:15     | Found a staircase to the Depths.
 33297 | D:13     | Received a gift from Trog
 33500 | Elf:1    | Entered Level 1 of the Elven Halls
 33702 | Elf:1    | Found a radiant altar of Vehumet.
 33719 | Elf:1    | Received a gift from Trog
 33772 | Elf:1    | Reached skill level 21 in Fighting
 33965 | Elf:1    | Gained mutation: Your mind is acute. (Int +2) [potion of mutation]
 33965 | Elf:1    | Gained mutation: You have a pair of small antennae on your head. [potion of mutation]
 33965 | Elf:1    | Gained mutation: You are clumsy. (Dex -2) [potion of mutation]
 33966 | Elf:1    | Lost mutation: Your mind is acute. (Int +2) [potion of cure mutation]
 33966 | Elf:1    | Lost mutation: You are clumsy. (Dex -2) [potion of cure mutation]
 33966 | Elf:1    | Lost mutation: You have a pair of small antennae on your head. [potion of cure mutation]
 34043 | Elf:1    | Found Irimiyt's Jewellery Shoppe.
 34051 | Elf:1    | Bought an uncursed amulet of stasis for 245 gold pieces
 34124 | Elf:1    | Identified Dafrarr's Collected Works on Dark Magic
 34285 | Elf:2    | Received a gift from Trog
 34451 | Elf:2    | Found Enli's Gadget Shop.
 34454 | Elf:2    | Bought a wand of teleportation (6) for 480 gold pieces
 34454 | Elf:2    | Bought a +1 rod of inaccuracy (14/14) for 1600 gold pieces
 34560 | Elf:2    | Reached XP level 20. HP: 141/144 MP: 5/20
 34569 | Elf:2    | Found a runed door.
 34570 | Elf:2    | Found a runed door.
 34822 | Elf:1    | Cast into the Abyss (a deep elf demonologist)
 34822 | Abyss:1  | Found a corrupted altar of Lugonu.
 34872 | Abyss:1  | Gained mutation: You are weak. (Str -2) [a neqoxec]
 34873 | Abyss:1  | Gained mutation: Scrolls take you a little longer to read. [a neqoxec]
 35211 | Abyss:1  | Found a corrupted altar of Lugonu.
 35218 | Abyss:1  | Paralysed by accursed screaming for 1 turns
 35645 | Abyss:1  | Noticed a bone dragon
 35657 | Abyss:1  | Killed a bone dragon
 35848 | Elf:1    | Escaped the Abyss
 35857 | Elf:1    | Gained mutation: You are very weak. (Str -4) [a cacodemon]
 35868 | Elf:1    | Received a gift from Trog
 36127 | Elf:2    | Reached skill level 22 in Fighting
 36528 | Elf:3    | Entered Level 3 of the Elven Halls
 36610 | Elf:3    | Received a gift from Trog
 36947 | Elf:3    | Received a gift from Trog
 37324 | Elf:3    | Reached XP level 21. HP: 120/152 MP: 21/21
 37481 | Elf:3    | Gained mutation: You are dopey. (Int -2) [a neqoxec]
 37498 | Elf:3    | Gained mutation: Your magical capacity is low (-10% MP). [a neqoxec]
 37635 | Elf:3    | Received a gift from Trog
 37649 | Elf:3    | Got a dazzling lajatang {speed}
 37689 | Elf:3    | Identified the Incunabulum of Quantum Talismans
 37700 | Elf:3    | Identified the Catalogue of Ghastly Bewitchment
 37794 | Elf:3    | Reached skill level 23 in Fighting
 37816 | Elf:3    | Got a polished morningstar
 37825 | Elf:3    | Identified the +5 morningstar of the Sun {elec, rPois Int+7 Stlth+} (You found it on level 3 of the Elven Halls)
 38347 | Lair:1   | Lost mutation: You are dopey. (Int -2) [potion of cure mutation]
 38347 | Lair:1   | Lost mutation: You are very weak. (Str -4) [potion of cure mutation]
 38347 | Lair:1   | Lost mutation: Scrolls take you a little longer to read. [potion of cure mutation]
 38347 | Lair:1   | Lost mutation: You are weak. (Str -2) [potion of cure mutation]
 38347 | Lair:1   | Lost mutation: Your magical capacity is low (-10% MP). [potion of cure mutation]
 38457 | Vaults:1 | Entered Level 1 of the Vaults
 38661 | Vaults:1 | Received a gift from Trog
 38787 | Vaults:1 | Found Favvexawoi's Antique Weapon Emporium.
 39593 | Vaults:2 | Received a gift from Trog
 39688 | Vaults:2 | Found Jolaog's Food Boutique.
 40131 | Vaults:2 | Reached XP level 22. HP: 161/161 MP: 22/22
 40362 | Vaults:2 | Received a gift from Trog
 40766 | Vaults:2 | Reached skill level 24 in Fighting
 41414 | Vaults:3 | Found a staircase to the Crypt.
 41414 | Vaults:3 | Found an ancient bone altar of Kikubaaqudgha.
 41415 | Vaults:3 | Found a basalt altar of Yredelemnul.
 41449 | Vaults:3 | Received a gift from Trog
 41969 | Vaults:3 | Found Ekutulok's Antique Weapon Boutique.
 41980 | Vaults:3 | Bought a runed eveningstar for 630 gold pieces
 42392 | Vaults:4 | Found Codiaz's Assorted Antiques.
 42395 | Vaults:4 | Bought a scroll of blinking for 285 gold pieces
 42975 | Vaults:4 | Received a gift from Trog
 43716 | Vaults:5 | Entered Level 5 of the Vaults
 43791 | Vaults:5 | Reached XP level 23. HP: 168/168 MP: 23/23
 43854 | Vaults:5 | Reached skill level 25 in Fighting
 43969 | Vaults:5 | Received a gift from Trog
 44139 | Vaults:5 | Received a gift from Trog
 44281 | Vaults:5 | Got a crude silver ring
 44359 | Vaults:5 | Got a silver rune of Zot
 44550 | D:13     | Identified the ring of Vorifon {+/*Tele Dex+4 Slay+3} (You took it off a yaktaur captain on level 5 of the Vaults)
 44682 | Depths:1 | Entered Level 1 of the Depths
 44712 | Depths:1 | Received a gift from Trog
 44848 | Depths:3 | Found a gateway to Hell.
 45495 | Depths:5 | Entered Level 5 of the Depths
 45572 | Depths:5 | Found Esosch's Food Emporium.
 45650 | Depths:4 | Received a gift from Trog
 45797 | Depths:5 | Noticed Saint Roka
 45975 | Depths:5 | Reached skill level 26 in Fighting
 46039 | Depths:5 | Killed Saint Roka
 46039 | Depths:5 | Reached XP level 24. HP: 136/178 MP: 23/23
 46219 | Depths:5 | Noticed Sojobo
 46382 | Depths:5 | Received a gift from Trog
 46497 | Depths:5 | Found a gate to the Realm of Zot.
 46505 | Zot:1    | Entered Level 1 of the Realm of Zot
 46891 | Zot:1    | Gained mutation: You are weak. (Str -2) [a neqoxec]
 47026 | Depths:5 | Killed Sojobo
 47558 | Elf:2    | Bought a wand of digging (6) for 320 gold pieces
 48097 | Zot:1    | Received a gift from Trog
 48487 | Zot:3    | Noticed an orb of fire
 48489 | Zot:3    | Gained mutation: You expend magic power (3 MP) to strengthen your wands. [an orb of fire]
 48506 | Zot:3    | Killed an orb of fire
 48506 | Zot:3    | Reached skill level 27 in Fighting
 48709 | Zot:3    | Reached XP level 25. HP: 168/187 MP: 23/23
 48871 | Zot:5    | Entered Level 5 of the Realm of Zot
 49101 | Zot:5    | Noticed an orb of fire
 49101 | Zot:5    | Noticed an ancient lich
 49101 | Zot:5    | Noticed an ancient lich
 49112 | Zot:5    | Gained mutation: You occasionally shout uncontrollably at your foes. [an orb of fire]
 49128 | Zot:5    | Gained mutation: Your magical capacity is low (-10% MP). [an orb of fire]
 49131 | Zot:5    | Gained mutation: You tend to lose your temper in combat. [an orb of fire]
 49252 | Zot:5    | Noticed an ancient lich
 49264 | Zot:5    | Killed an ancient lich
 49382 | Zot:5    | Noticed an ancient lich
 49386 | Zot:5    | Killed an ancient lich
 49396 | Zot:5    | Killed an ancient lich
 49457 | Zot:5    | Killed an ancient lich
 49500 | Zot:5    | Noticed an ancient lich
 49519 | Zot:5    | Killed an ancient lich
 49739 | Zot:5    | Received a gift from Trog
 49766 | Zot:5    | Noticed an ancient lich
 49775 | Zot:5    | Noticed an ancient lich
 49785 | Zot:5    | Killed an ancient lich
 49796 | Zot:5    | Killed an ancient lich
 49844 | Zot:5    | Reached skill level 27 in Armour
 49851 | Zot:5    | Noticed an ancient lich
 49871 | Zot:5    | Killed an ancient lich
 49984 | Zot:5    | Reached XP level 26. HP: 169/193 MP: 20/20
 50037 | Zot:5    | Reached skill level 5 in Dodging
 50309 | Zot:5    | Got the Orb of Zot
 50562 | Depths:5 | Received a gift from Trog
 50587 | Depths:5 | Noticed Voenozuj the pandemonium lord
 50609 | Depths:5 | Noticed Atiegiem the pandemonium lord
 50720 | D:14     | Lost mutation: You tend to lose your temper in combat. [potion of cure mutation]
 50720 | D:14     | Lost mutation: You expend magic power (3 MP) to strengthen your wands. [potion of cure mutation]
 50720 | D:14     | Lost mutation: You occasionally shout uncontrollably at your foes. [potion of cure mutation]
 50720 | D:14     | Lost mutation: Your magical capacity is low (-10% MP). [potion of cure mutation]
 50720 | D:14     | Lost mutation: You are weak. (Str -2) [potion of cure mutation]
 51040 | D:$      | Escaped with the Orb!

Inventory:

Hand Weapons
 a - the +8 great mace "Beast's Undoing" (weapon) {crush, rPois}
   (Trog gifted it to you on level 4 of the Orcish Mines)

   It inflicts extra damage upon your enemies.
   It protects you from poison.
 b - a +7 antimagic great mace
   (Trog gifted it to you on level 3 of the Snake Pit)
 D - the +6 great mace "Ytreps" {vamp, rElec Int+2 Dex+2 SInv}
   (You found it on level 2 of the Swamp)

   It inflicts no extra harm, but heals its wielder somewhat when it strikes a
   living foe.
   It affects your intelligence (+2).
   It affects your dexterity (+2).
   It insulates you from electricity.
   It lets you see invisible.
Missiles
 t - 10 tomahawks of dispersal
 x - 8 javelins of returning
 y - 29 javelins of penetration
 F - 7 steel javelins (quivered)
 M - 4 throwing nets
 N - 16 tomahawks of returning
Armour
 h - a +9 gold dragon armour (worn)
   (You found it on level 1 of the Realm of Zot)
 p - a +2 helmet of intelligence (worn)
   (You found it on level 6 of the Lair of Beasts)
 C - a +0 pair of gloves (worn)
   (You found it on level 4 of the Snake Pit)
 T - a +2 pair of boots (worn)
   (You found it on level 4 of the Depths)
 U - the +3 cloak of Egalitarianism (worn) {Int+3}
   (You found it on level 8 of the Lair of Beasts)

   It affects your intelligence (+3).
Rods
 S - a +1 rod of inaccuracy (14/14)
   (You bought it in a shop on level 2 of the Elven Halls)
Jewellery
 e - an amulet of regeneration (around neck)
   (You found it on level 3 of the Lair of Beasts)
 l - an uncursed ring of positive energy
   (You found it on level 2 of the Dungeon)
 m - an uncursed amulet of resist corrosion
   (You found it on level 3 of the Realm of Zot)
 u - an uncursed ring of ice
   (You found it on level 4 of the Snake Pit)
 G - an uncursed ring of protection from fire
   (You found it on level 1 of the Swamp)
 I - an uncursed amulet of stasis
   (You bought it in a shop on level 1 of the Elven Halls)
 L - a +6 ring of slaying (left hand)
   (You found it on level 6 of the Lair of Beasts)
 W - an uncursed amulet of clarity
   (You found it on level 4 of the Swamp)
 Z - a ring of protection from magic (right hand)
   (You found it on level 1 of the Lair of Beasts)
Wands
 g - a wand of digging (1)
   (You bought it in a shop on level 2 of the Elven Halls)
 O - a wand of teleportation (6)
   (You bought it in a shop on level 2 of the Elven Halls)
 R - a wand of teleportation (2)
   (You found it on level 5 of the Depths)
 X - a wand of hasting (5)
   (You found it on level 13 of the Dungeon)
Scrolls
 k - 38 scrolls of identify
 q - 8 scrolls of fear
 s - 16 scrolls of remove curse
 J - 11 scrolls of teleportation
 K - a scroll of fog
 Q - 10 scrolls of blinking
Potions
 d - 8 potions of heal wounds
 i - a potion of magic
 n - 6 potions of might
 r - 5 potions of brilliance
 v - 5 potions of agility
 A - 4 potions of invisibility
 B - 22 potions of curing
 Y - 3 potions of cancellation
Comestibles
 c - 12 bread rations
 j - 28 fruits

Table legend:
 A = Turns spent in this place as a percentage of turns spent in the entire game.
 B = Non-inter-level travel turns spent in this place as a percentage of non-inter-level travel turns spent in the entire game.
 C = Inter-level travel turns spent in this place as a percentage of turns spent in this place.
 D = Turns resting spent in this place as a percentage of non-inter-level travel turns spent in this place.
 E = Turns spent auto-exploring this place as a percentage of non-inter-level travel turns spent in this place.
 F = Non-inter-level travel turns spent in this place divided by the number of levels of this place that you've seen.
                   A       B       C       D       E      F
               +-------+-------+-------+-------+-------+----------------------
         Total | 100.0 | 100.0 |   0.7 |   1.3 |   6.0 | 382.9
       Dungeon |  22.4 |  22.3 |   0.9 |   0.9 |   8.5 | 313.5
          Lair |  15.1 |  15.1 |   0.6 |   1.0 |   6.0 | 397.5
         Swamp |   7.0 |   7.0 |   0.5 |   0.6 |   6.2 | 368.5
     Snake Pit |   8.5 |   8.5 |   0.4 |   1.6 |   8.0 | 447.8
  Orcish Mines |   5.5 |   5.4 |   1.1 |   1.0 |   9.9 | 286.8
   Elven Halls |   8.5 |   8.5 |   0.8 |   1.2 |   6.1 | 598.7
        Vaults |  12.6 |  12.7 |   0.3 |   0.7 |   6.5 | 533.2
        Depths |   6.1 |   6.0 |   1.6 |   1.2 |   1.7 | 252.8
           Zot |   8.7 |   8.7 |   0.6 |   4.1 |   0.3 | 368.2
         Abyss |   3.8 |   3.8 |   0.0 |   0.2 |   1.4 | 800.0
      Ice Cave |   1.9 |   1.9 |   0.0 |   3.8 |   1.0 | 397.0
               +-------+-------+-------+-------+-------+----------------------


   Skills:
 O Level 27 Fighting
 - Level 20.7 Maces & Flails
 - Level 8.0 Throwing
 O Level 27 Armour
 + Level 7.1 Dodging


You had 25 spell levels left.
You didn't know any spells.

Dungeon Overview and Level Annotations

Branches:
Dungeon (15/15)            Temple (0/1) D:5            Lair (8/8) D:10
  Swamp (4/4) Lair:6        Snake (4/4) Lair:3        Slime (0/6) Lair:8
    Orc (4/4) D:9             Elf (3/3) Orc:3        Vaults (5/5) D:13
  Crypt (0/3) Vaults:3     Depths (5/5) D:15            Zot (5/5) Depths:5

Altars:
Ashenzari
Gozag
Kikubaaqudgha
Makhleb
Okawaru
Qazlal
Sif Muna
Vehumet
Xom
Yredelemnul
Zin
Beogh

Shops:
Orc:4 (?(%   Elf:1 =   Elf:2 }   Snake:2 [   Snake:3 *   Vaults:1 (
Vaults:2 %   Vaults:3 (   Vaults:4 *   Depths:5 %

Portals:
Hell: Depths:3

Annotations:
Elf:2 1 runed door


Innate Abilities, Weirdness & Mutations

You are resistant to torment.
Your stone body is resilient (AC +19).
You are immune to poison.
Your large and strong wings let you fly indefinitely.
You resist negative energy.
You are resistant to electric shocks.
You can survive without breathing.
You are immune to petrification.
You are immune to rotting.


Message History

The rock shatters into small pieces.
This wand has 1 charge left.
There is a stone staircase leading up here.
You fly upwards.
There is a stone staircase leading down here.
There's nothing to close nearby.
Unknown command.
Unknown command.
You see here 19 arrows.
There is a stone staircase leading up here.
You fly upwards.
There is a stone staircase leading down here.
There is an open door here.
An Orb Guardian comes into view.
A putrid demonspawn comes into view. It is wielding a trident.
You see here a dagger.
Drink which item? (? for menu, Esc to quit)
You feel yourself speed up. The Orb Guardian closely misses you.
You are very lightly contaminated with residual magic.
There is a staircase leading out of the dungeon here.
You have escaped!

#########.######## #............
........#.# #............
#.......#.###########............
........#........................
........###########.###.########.
....................# #.# ##
.......############## #.#
.......############# #.#
)..6...............# #.# #####
#..................####.#####....
#..............X@..##.........###
#.......)#######...##.........#
######...##...##...##..)......# #
#...#.##'.#...##.........# #
#...'.#8#.#....#.........# #
#...#.###.#....#.........# #
#...##...##..#.#.........# #
#...#######..#..........####
#.....†.(..((##.............
#...)........##..........##.
###############..#.......##.


You could see an Orb Guardian.

Table legend:
 A = Kills in this place as a percentage of kills in entire the game.
 B = Kills by you in this place as a percentage of kills by you in the entire game.
 C = Kills by friends in this place as a percentage of kills by friends in the entire game.
 D = Other kills in this place as a percentage of other kills in the entire game.
 E = Experience gained in this place as a percentage of experience gained in the entire game.
 F = Experience gained in this place divided by the number of levels of this place that you have seen.
                   A       B       C       D       E      F
               +-------+-------+-------+-------+-------+----------------------
         Total | 100.0 | 100.0 | 100.0 | 100.0 | 100.0 | 20716.3
       Dungeon |  21.2 |  21.5 |   0.0 |   0.0 |   7.2 | 5459.8
          Lair |  14.9 |  14.9 |  12.5 |   0.0 |   6.5 | 9290.4
         Swamp |   8.7 |   8.7 |   0.0 |  11.1 |   7.3 | 20701.0
     Snake Pit |   8.0 |   7.9 |  25.0 |  11.1 |   9.8 | 27983.0
  Orcish Mines |  10.2 |  10.3 |   0.0 |   0.0 |   1.6 | 4424.8
   Elven Halls |   8.4 |   8.5 |   0.0 |  11.1 |  10.7 | 40679.7
        Vaults |  14.7 |  14.6 |  25.0 |  22.2 |  20.6 | 47011.4
        Depths |   5.9 |   5.8 |  25.0 |   0.0 |  10.4 | 23614.6
           Zot |   4.2 |   4.1 |  12.5 |  11.1 |  22.2 | 50609.8
         Abyss |   3.0 |   2.9 |   0.0 |  33.3 |   3.1 | 35121.0
      Ice Cave |   0.9 |   0.9 |   0.0 |   0.0 |   0.6 | 7405.0
               +-------+-------+-------+-------+-------+----------------------

Vanquished Creatures
  Monster Symbol All ' '
  The ghost of Avanven the Brawler, a journeyman MiMo of Ru (Lair:7)
  The ghost of wobbegong the Archer, a journeyman CeHu of Okawaru (IceCv)
  The ghost of benitares the Carver, a novice MiFi of Okawaru (Lair:1)
  The ghost of P0WERM0DE the Destroyer, a novice OpWz of Makhleb (D:5)
  The ghost of Garrluk the Basher, a novice GrBe of Trog (D:4)
  The ghost of 2tc the Conjurer, an amateur DgCj (D:3)
6 creatures vanquished. All '(' 18 dancing weapons
18 creatures vanquished. All '*' An orb of fire (Zot:3) 2 wretched stars (Abyss:1) 161 eldritch tentacle segments (Zot:5) A lurking horror (Abyss:1) 155 starspawn tentacle segments (Abyss:1)
320 creatures vanquished. All '2' A hellion (Abyss:1)
1 creature vanquished. All '3' A sun demon (D:7) 4 ice devils (IceCv) 3 smoke demons (Abyss:1) A ynoxinul (Abyss:1) A chaos spawn (Depths:5) 2 neqoxecs (Abyss:1)
12 creatures vanquished. All '4' A sixfirhy (Zot:1) 2 rust devils (Depths:5) 4 blue devils (IceCv)
7 creatures vanquished. All '5' 4 quasits 7 crimson imps An iron imp (Abyss:1) 5 shadow imps 2 ufetubi (Depths:5)
19 creatures vanquished. All '8' An electric golem (Zot:5) 2 crystal guardians An obsidian statue (Elf:3) An orange crystal statue (Elf:3) 2 ice statues (IceCv)
7 creatures vanquished. All '9' 2 war gargoyles 2 gargoyles
4 creatures vanquished. All ';' 2 electric eels
2 creatures vanquished. All '@' Rupert (Lair:7) Frances (D:12) Kirke (Swamp:1) Louise (Swamp:1) Josephine (Lair:6) Erica (D:9) Maurice (Orc:1) Terence (D:2)
8 creatures vanquished. All 'A' A daeva (Abyss:1)
1 creature vanquished. All 'B' 8 boulder beetles
8 creatures vanquished. All 'C' 2 titans (Vaults:5) 3 fire giants 4 frost giants 8 stone giants 3 ettins 9 hill giants 12 cyclopes
41 creatures vanquished. All 'D' 4 golden dragons 2 bone dragons A quicksilver dragon (Vaults:5) 7 shadow dragons 10 storm dragons A storm dragon (shapeshifter) (Vaults:2) 2 fire dragons (shapeshifter) (Depths:3) 11 fire dragons 21 hydras 9 ice dragons 3 swamp dragons 3 steam dragons (Depths:5) 7 mottled dragons
81 creatures vanquished. All 'E' 3 air elementals (Depths:5) 2 water elementals
5 creatures vanquished. All 'F' 20 spiny frogs A spiny frog (shapeshifter) (Vaults:1) 20 blink frogs 18 giant frogs
59 creatures vanquished. All 'G' 5 great orbs of eyes 4 giant orange brains 2 eyes of draining
11 creatures vanquished. All 'H' A sphinx (shapeshifter) (Vaults:5) A sphinx (Vaults:5) An anubis guard (shapeshifter) (Depths:5) 7 harpies 9 griffons 2 manticores (D:13) 7 hippogriffs
28 creatures vanquished. All 'J' A slime creature (shapeshifter) (Elf:2) 44 slime creatures 9 jellies 3 oozes
57 creatures vanquished. All 'K' Pikel (D:4) A kobold demonologist (D:14) A big kobold (D:12) 13 kobolds
16 creatures vanquished. All 'L' 8 ancient liches (Zot:5) A revenant (Abyss:1)
9 creatures vanquished. All 'N' 14 greater nagas 2 salamander stormcallers 21 naga warriors 16 naga sharpshooters 8 naga ritualists 7 salamanders 23 naga magi 65 nagas
156 creatures vanquished. All 'O' Erolcha (D:9) 7 ogre magi 8 two-headed ogres 35 ogres
51 creatures vanquished. All 'P' 11 fungi 11 plants
22 creatures vanquished. All 'Q' Sojobo (Depths:5) 5 tengu reavers A tengu conjurer (D:13)
7 creatures vanquished. All 'R' An efreet (Abyss:1)
1 creature vanquished. All 'S' Aizul (Swamp:1) 5 anacondas 4 shock serpents 8 mana vipers 3 guardian serpents A black mamba (shapeshifter) (Elf:2) 24 black mambas 19 water moccasins 10 adders 3 ball pythons
78 creatures vanquished. All 'T' A deep troll shaman (Depths:5) 6 deep troll earth magi 18 deep trolls 13 trolls A troll (shapeshifter) (Vaults:2)
39 creatures vanquished. All 'V' A vampire knight (Depths:5)
1 creature vanquished. All 'W' An eidolon (Abyss:1) 3 shadow wraiths 2 phantasmal warriors (Vaults:5) 6 freezing wraiths 3 shadows 6 wraiths 3 hungry ghosts 9 phantoms
33 creatures vanquished. All 'X' 7 tentacled monstrosities 22 Orb Guardians 3 tentacled starspawn (Abyss:1) 4 thrashing horrors (Abyss:1) 10 large abominations 11 starcursed masses (Abyss:1)
57 creatures vanquished. All 'Y' 3 catoblepae 6 death yaks 8 elephants 68 yaks 6 sky beasts 13 ice beasts 24 sheep
128 creatures vanquished. All 'Z' 3 spectral hydras A frost giant zombie (Vaults:4) A stone giant skeleton (Vaults:1) A human skeleton (Vaults:4) A centaur skeleton (D:10) 2 human zombies 4 swamp worm zombies (Swamp:4) An entropy weaver zombie (Vaults:1) An anaconda simulacrum (Depths:3) 3 hydra zombies (Swamp:4) 3 spectral swamp dragons (Swamp:4) A stone giant simulacrum (Vaults:4) 4 alligator zombies (Swamp:4) A hornet zombie (D:15) 4 swamp dragon zombies (Swamp:4) A glowing shapeshifter simulacrum (Vaults:3) 4 elf zombies (Elf:1) A wyvern zombie (D:7) 3 human simulacra A wyvern skeleton (D:11) A boulder beetle zombie (Vaults:1) 2 draconian simulacra (IceCv) 2 giant frog skeletons 2 spectral swamp drakes (Swamp:4) 3 troll simulacra (IceCv) A centaur simulacrum (IceCv) A hound zombie (D:8) 2 worker ant zombies A hound skeleton (D:11) 2 naga simulacra (IceCv) 3 ogre simulacra An adder skeleton (D:5) A ball python skeleton (D:4) 2 giant gecko skeletons A jackal skeleton (D:7) A quokka skeleton (D:4)
67 creatures vanquished. All 'a' 12 worker ants
12 creatures vanquished. All 'b' 3 fire bats (Lair:7) 10 bats
13 creatures vanquished. All 'c' 10 yaktaur captains 6 centaur warriors 38 yaktaurs 4 centaurs
58 creatures vanquished. All 'd' 4 green draconians 4 red draconians 3 purple draconians 4 mottled draconians 4 white draconians (Zot:3) 2 pale draconians (Depths:5) 4 black draconians A yellow draconian (Zot:5)
26 creatures vanquished. All 'e' 3 deep elf blademasters 2 deep elf master archers (Elf:3) 8 deep elf sorcerers (Elf:3) 5 deep elf demonologists 9 deep elf annihilators 6 deep elf death magi 5 deep elf high priests 30 deep elf knights 6 deep elf summoners 15 deep elf conjurers 20 deep elf priests 48 deep elf fighters 42 deep elf magi
199 creatures vanquished. All 'f' 2 thorn hunters A shambling mangrove (Swamp:1)
3 creatures vanquished. All 'g' Jorgrun (Snake:2) A gnoll sergeant (D:5) Crazy Yiuf (D:2) 14 gnolls 8 goblins 5 hobgoblins
30 creatures vanquished. All 'h' A polar bear (shapeshifter) (Vaults:2) 2 raiju (Abyss:1) A hog (Swamp:1) 8 wolves 3 wargs A hell hound (Abyss:1) 3 black bears 7 hounds 18 jackals
44 creatures vanquished. All 'i' 2 spriggan air magi 3 spriggan druids 13 spriggans
18 creatures vanquished. All 'k' A lindwurm (shapeshifter) (D:13) 3 lindwurms (Lair:8) 5 fire drakes 6 swamp drakes
15 creatures vanquished. All 'l' 12 komodo dragons 2 wyverns (shapeshifter) 3 basilisks 5 wyverns 13 iguanas 6 giant geckos 5 giant newts
46 creatures vanquished. All 'n' 6 bog bodies 5 necrophages
11 creatures vanquished. All 'o' Saint Roka (Depths:5) 5 orc high priests (Orc:4) Nergalle (Lair:2) 13 orc knights 6 orc sorcerers 53 orc warriors Blork the orc (D:6) 41 orc priests 43 orc wizards 237 orcs
401 creatures vanquished. All 'p' 2 Killer Klowns (Zot:5) 12 vault wardens 9 ironheart preservers 16 vault guards An entropy weaver (Depths:5) 8 hell knights 6 necromancers 14 ironbrand convokers 6 wizards 15 vault sentinels 3 humans (Swamp:1) 2 slaves (D:4)
94 creatures vanquished. All 'q' 3 draconian monks 2 draconian knights 4 draconian zealots (Zot:1) 2 draconian scorchers (Zot:1) A draconian annihilator (Zot:3) 5 draconian callers
17 creatures vanquished. All 'r' 8 porcupines 76 river rats 7 quokkas 20 rats
111 creatures vanquished. All 's' 4 wolf spiders 2 redbacks 2 scorpions 8 giant cockroaches
16 creatures vanquished. All 't' 5 ghost crabs 9 alligators A fire crab (shapeshifter) (Vaults:3) 5 fire crabs 2 snapping turtles (shapeshifter) 14 crocodiles
36 creatures vanquished. All 'u' 4 very ugly things 28 ugly things
32 creatures vanquished. All 'v' 39 insubstantial wisps 4 fire vortices
43 creatures vanquished. All 'w' An eldritch tentacle (Zot:5) Gastronok (D:9) 9 torpor snails 9 giant leeches 26 swamp worms 4 brain worms (Lair:8) 19 worms 9 starspawn tentacles (Abyss:1)
78 creatures vanquished. All 'x' 4 unseen horrors An unseen horror (shapeshifter) (Elf:2) 2 octopodes (shapeshifter) 2 ancient zymes (Abyss:1) 7 small abominations 5 crawling corpses
21 creatures vanquished. All 'y' A ghost moth (shapeshifter) (Depths:3) 3 hornets 7 moths of wrath 32 vampire mosquitoes 16 wasps A killer bee (shapeshifter) (Elf:3)
60 creatures vanquished. All 'z' A curse toe (Zot:4) 5 death cobs 10 skeletal warriors 3 flying skulls (Abyss:1) 6 wights
25 creatures vanquished.
2769 creatures vanquished. Monster Nature Uniques Sojobo (Depths:5) Saint Roka (Depths:5) Jorgrun (Snake:2) Rupert (Lair:7) Gastronok (D:9) Frances (D:12) Kirke (Swamp:1) Aizul (Swamp:1) Louise (Swamp:1) Josephine (Lair:6) Erica (D:9) Erolcha (D:9) Nergalle (Lair:2) Pikel (D:4) Maurice (Orc:1) Blork the orc (D:6) Crazy Yiuf (D:2) Terence (D:2)
18 creatures vanquished. Natural Monsters 2 Killer Klowns (Zot:5) 4 golden dragons A quicksilver dragon (Vaults:5) A sphinx (shapeshifter) (Vaults:5) 3 deep elf blademasters 2 titans (Vaults:5) 2 deep elf master archers (Elf:3) A sphinx (Vaults:5) 22 Orb Guardians 7 shadow dragons 10 storm dragons 5 tengu reavers A storm dragon (shapeshifter) (Vaults:2) 3 draconian monks 3 fire giants A ghost moth (shapeshifter) (Depths:3) 12 vault wardens 14 greater nagas 2 draconian knights 4 frost giants 8 deep elf sorcerers (Elf:3) 4 draconian zealots (Zot:1) 2 draconian scorchers (Zot:1) 9 ironheart preservers A draconian annihilator (Zot:3) The ghost of Avanven the Brawler, a journeyman MiMo of Ru (Lair:7) 4 green draconians 5 draconian callers The ghost of wobbegong the Archer, a journeyman CeHu of Okawaru (IceCv) 4 very ugly things 5 deep elf demonologists 8 stone giants 4 red draconians 3 purple draconians 9 deep elf annihilators 2 salamander stormcallers 4 mottled draconians 4 white draconians (Zot:3) 2 pale draconians (Depths:5) 4 black draconians A yellow draconian (Zot:5) 6 deep elf death magi 3 ettins 16 vault guards 2 fire dragons (shapeshifter) (Depths:3) 11 fire dragons 5 deep elf high priests 10 yaktaur captains 5 great orbs of eyes An entropy weaver (Depths:5) 21 naga warriors 2 spriggan air magi 3 catoblepae 6 centaur warriors 5 ghost crabs 21 hydras 9 ice dragons 5 anacondas 6 death yaks The ghost of benitares the Carver, a novice MiFi of Okawaru (Lair:1) 7 ogre magi 4 shock serpents 9 alligators A deep troll shaman (Depths:5) 6 deep troll earth magi 30 deep elf knights 5 orc high priests (Orc:4) 8 hell knights A fire crab (shapeshifter) (Vaults:3) 16 naga sharpshooters 5 fire crabs 6 necromancers 4 unseen horrors 3 spriggan druids An unseen horror (shapeshifter) (Elf:2) A lindwurm (shapeshifter) (D:13) 8 naga ritualists 18 deep trolls 4 giant orange brains 6 deep elf summoners 3 swamp dragons 13 orc knights An anubis guard (shapeshifter) (Depths:5) 9 hill giants 28 ugly things 3 lindwurms (Lair:8) 8 mana vipers 7 harpies 14 ironbrand convokers 15 deep elf conjurers 9 griffons 7 salamanders 3 hornets 3 guardian serpents 6 wizards 4 wolf spiders 7 moths of wrath 12 cyclopes 2 manticores (D:13) 2 octopodes (shapeshifter) 6 orc sorcerers The ghost of P0WERM0DE the Destroyer, a novice OpWz of Makhleb (D:5) A black mamba (shapeshifter) (Elf:2) 24 black mambas 8 elephants 20 spiny frogs 23 naga magi 9 torpor snails 15 vault sentinels A spiny frog (shapeshifter) (Vaults:1) A kobold demonologist (D:14) 12 komodo dragons 5 fire drakes 38 yaktaurs The ghost of Garrluk the Basher, a novice GrBe of Trog (D:4) A tengu conjurer (D:13) 13 trolls 20 deep elf priests 9 giant leeches A polar bear (shapeshifter) (Vaults:2) A troll (shapeshifter) (Vaults:2) 8 two-headed ogres 8 boulder beetles 2 raiju (Abyss:1) 2 snapping turtles (shapeshifter) 20 blink frogs A slime creature (shapeshifter) (Elf:2) 44 slime creatures 48 deep elf fighters 42 deep elf magi 2 redbacks 68 yaks 13 spriggans 2 wyverns (shapeshifter) 3 humans (Swamp:1) 3 basilisks 3 fire bats (Lair:7) 7 hippogriffs 3 steam dragons (Depths:5) The ghost of 2tc the Conjurer, an amateur DgCj (D:3) 65 nagas 5 wyverns A hog (Swamp:1) 26 swamp worms 19 water moccasins 7 mottled dragons 8 wolves 3 wargs 8 porcupines 6 swamp drakes 2 slaves (D:4) 3 black bears 16 wasps 6 sky beasts 53 orc warriors 13 ice beasts 35 ogres 4 centaurs 2 eyes of draining 14 crocodiles A big kobold (D:12) 4 brain worms (Lair:8) 18 giant frogs A gnoll sergeant (D:5) 2 scorpions A killer bee (shapeshifter) (Elf:3) 2 electric eels 41 orc priests 7 hounds 9 jellies 13 iguanas 43 orc wizards 12 worker ants 24 sheep 14 gnolls 10 adders 76 river rats 3 oozes 19 worms 6 giant geckos 237 orcs 3 ball pythons 8 giant cockroaches 8 goblins 5 hobgoblins 7 quokkas 10 bats 5 giant newts 18 jackals 13 kobolds 20 rats
2048 creatures vanquished. Non-Living Monsters An orb of fire (Zot:3) An electric golem (Zot:5) An eldritch tentacle (Zot:5) 3 tentacled starspawn (Abyss:1) 2 war gargoyles 2 crystal guardians 18 dancing weapons 4 thrashing horrors (Abyss:1) 2 wretched stars (Abyss:1) An obsidian statue (Elf:3) An orange crystal statue (Elf:3) 2 ice statues (IceCv) 2 gargoyles 2 ancient zymes (Abyss:1) 3 air elementals (Depths:5) 11 starcursed masses (Abyss:1) 2 water elementals 39 insubstantial wisps 161 eldritch tentacle segments (Zot:5) 4 fire vortices A lurking horror (Abyss:1) 9 starspawn tentacles (Abyss:1) 155 starspawn tentacle segments (Abyss:1)
427 creatures vanquished. Undead Monsters 8 ancient liches (Zot:5) A curse toe (Zot:4) 2 bone dragons 5 death cobs A revenant (Abyss:1) A vampire knight (Depths:5) An eidolon (Abyss:1) 3 shadow wraiths 10 skeletal warriors 10 large abominations 3 spectral hydras 2 phantasmal warriors (Vaults:5) A frost giant zombie (Vaults:4) A stone giant skeleton (Vaults:1) A human skeleton (Vaults:4) A centaur skeleton (D:10) 2 human zombies 4 swamp worm zombies (Swamp:4) An entropy weaver zombie (Vaults:1) An anaconda simulacrum (Depths:3) 6 freezing wraiths 3 hydra zombies (Swamp:4) 3 spectral swamp dragons (Swamp:4) 6 bog bodies A stone giant simulacrum (Vaults:4) 4 alligator zombies (Swamp:4) A hornet zombie (D:15) 3 flying skulls (Abyss:1) 3 shadows 6 wraiths 3 hungry ghosts 32 vampire mosquitoes 5 necrophages 4 swamp dragon zombies (Swamp:4) 9 phantoms A glowing shapeshifter simulacrum (Vaults:3) 4 elf zombies (Elf:1) A wyvern zombie (D:7) 3 human simulacra A wyvern skeleton (D:11) A boulder beetle zombie (Vaults:1) 6 wights 2 draconian simulacra (IceCv) 2 giant frog skeletons 2 spectral swamp drakes (Swamp:4) 3 troll simulacra (IceCv) 7 small abominations A centaur simulacrum (IceCv) A hound zombie (D:8) 2 worker ant zombies A hound skeleton (D:11) 2 naga simulacra (IceCv) 3 ogre simulacra An adder skeleton (D:5) A ball python skeleton (D:4) 2 giant gecko skeletons A jackal skeleton (D:7) A quokka skeleton (D:4) 5 crawling corpses
202 creatures vanquished. Demonic Monsters 7 tentacled monstrosities A sun demon (D:7) 4 ice devils (IceCv) A sixfirhy (Zot:1) 2 rust devils (Depths:5) 3 smoke demons (Abyss:1) A hellion (Abyss:1) An efreet (Abyss:1) 4 blue devils (IceCv) A ynoxinul (Abyss:1) A chaos spawn (Depths:5) 2 neqoxecs (Abyss:1) A hell hound (Abyss:1) 4 quasits 7 crimson imps An iron imp (Abyss:1) 5 shadow imps 2 ufetubi (Depths:5)
48 creatures vanquished. Plants 2 thorn hunters A shambling mangrove (Swamp:1) 11 fungi 11 plants
25 creatures vanquished.
2769 creatures vanquished. Ascending Order An orb of fire (Zot:3) Sojobo (Depths:5) Saint Roka (Depths:5) A curse toe (Zot:4) An electric golem (Zot:5) Jorgrun (Snake:2) Rupert (Lair:7) A quicksilver dragon (Vaults:5) A sphinx (shapeshifter) (Vaults:5) An eldritch tentacle (Zot:5) A sphinx (Vaults:5) Gastronok (D:9) Frances (D:12) Kirke (Swamp:1) A storm dragon (shapeshifter) (Vaults:2) A revenant (Abyss:1) A daeva (Abyss:1) A ghost moth (shapeshifter) (Depths:3) Aizul (Swamp:1) Louise (Swamp:1) A draconian annihilator (Zot:3) The ghost of Avanven the Brawler, a journeyman MiMo of Ru (Lair:7) The ghost of wobbegong the Archer, a journeyman CeHu of Okawaru (IceCv) A vampire knight (Depths:5) A yellow draconian (Zot:5) An eidolon (Abyss:1) Josephine (Lair:6) An entropy weaver (Depths:5) Erica (D:9) Erolcha (D:9) The ghost of benitares the Carver, a novice MiFi of Okawaru (Lair:1) A deep troll shaman (Depths:5) A fire crab (shapeshifter) (Vaults:3) Nergalle (Lair:2) A sun demon (D:7) An unseen horror (shapeshifter) (Elf:2) A lindwurm (shapeshifter) (D:13) An orange crystal statue (Elf:3) An obsidian statue (Elf:3) A shambling mangrove (Swamp:1) An anubis guard (shapeshifter) (Depths:5) Pikel (D:4) A frost giant zombie (Vaults:4) A sixfirhy (Zot:1) A stone giant skeleton (Vaults:1) The ghost of P0WERM0DE the Destroyer, a novice OpWz of Makhleb (D:5) Maurice (Orc:1) A black mamba (shapeshifter) (Elf:2) A human skeleton (Vaults:4) A spiny frog (shapeshifter) (Vaults:1) A hellion (Abyss:1) A centaur skeleton (D:10) A kobold demonologist (D:14) The ghost of Garrluk the Basher, a novice GrBe of Trog (D:4) An efreet (Abyss:1) A tengu conjurer (D:13) An entropy weaver zombie (Vaults:1) An anaconda simulacrum (Depths:3) A polar bear (shapeshifter) (Vaults:2) A troll (shapeshifter) (Vaults:2) A stone giant simulacrum (Vaults:4) A hornet zombie (D:15) A slime creature (shapeshifter) (Elf:2) A ynoxinul (Abyss:1) A chaos spawn (Depths:5) The ghost of 2tc the Conjurer, an amateur DgCj (D:3) A hog (Swamp:1) A hell hound (Abyss:1) A big kobold (D:12) A glowing shapeshifter simulacrum (Vaults:3) Blork the orc (D:6) A wyvern zombie (D:7) A gnoll sergeant (D:5) A wyvern skeleton (D:11) A boulder beetle zombie (Vaults:1) A killer bee (shapeshifter) (Elf:3) Crazy Yiuf (D:2) An iron imp (Abyss:1) Terence (D:2) A centaur simulacrum (IceCv) A hound zombie (D:8) A hound skeleton (D:11) An adder skeleton (D:5) A quokka skeleton (D:4) A ball python skeleton (D:4) A jackal skeleton (D:7) A lurking horror (Abyss:1) 2 Killer Klowns (Zot:5) 2 bone dragons 2 titans (Vaults:5) 2 deep elf master archers (Elf:3) 2 thorn hunters 2 draconian knights 2 draconian scorchers (Zot:1) 2 war gargoyles 2 salamander stormcallers 2 pale draconians (Depths:5) 2 crystal guardians 2 fire dragons (shapeshifter) (Depths:3) 2 spriggan air magi 2 wretched stars (Abyss:1) 2 phantasmal warriors (Vaults:5) 2 manticores (D:13) 2 octopodes (shapeshifter) 2 rust devils (Depths:5) 2 ice statues (IceCv) 2 gargoyles 2 human zombies 2 ancient zymes (Abyss:1) 2 raiju (Abyss:1) 2 snapping turtles (shapeshifter) 2 redbacks 2 wyverns (shapeshifter) 2 water elementals 2 neqoxecs (Abyss:1) 2 slaves (D:4) 2 eyes of draining 2 scorpions 2 electric eels 2 draconian simulacra (IceCv) 2 giant frog skeletons 2 spectral swamp drakes (Swamp:4) 2 worker ant zombies 2 naga simulacra (IceCv) 2 ufetubi (Depths:5) 2 giant gecko skeletons 3 deep elf blademasters 3 tentacled starspawn (Abyss:1) 3 draconian monks 3 fire giants 3 purple draconians 3 ettins 3 catoblepae 3 shadow wraiths 3 spriggan druids 3 spectral hydras 3 swamp dragons 3 lindwurms (Lair:8) 3 hornets 3 guardian serpents 3 smoke demons (Abyss:1) 3 hydra zombies (Swamp:4) 3 spectral swamp dragons (Swamp:4) 3 flying skulls (Abyss:1) 3 air elementals (Depths:5) 3 shadows 3 humans (Swamp:1) 3 basilisks 3 fire bats (Lair:7) 3 hungry ghosts 3 steam dragons (Depths:5) 3 wargs 3 black bears 3 human simulacra 3 troll simulacra (IceCv) 3 ogre simulacra 3 oozes 3 ball pythons 4 golden dragons 4 frost giants 4 draconian zealots (Zot:1) 4 green draconians 4 very ugly things 4 red draconians 4 mottled draconians 4 white draconians (Zot:3) 4 black draconians 4 shock serpents 4 thrashing horrors (Abyss:1) 4 unseen horrors 4 ice devils (IceCv) 4 giant orange brains 4 wolf spiders 4 swamp worm zombies (Swamp:4) 4 blue devils (IceCv) 4 alligator zombies (Swamp:4) 4 swamp dragon zombies (Swamp:4) 4 centaurs 4 brain worms (Lair:8) 4 elf zombies (Elf:1) 4 quasits 4 fire vortices 5 death cobs 5 tengu reavers 5 draconian callers 5 deep elf demonologists 5 deep elf high priests 5 great orbs of eyes 5 ghost crabs 5 anacondas 5 orc high priests (Orc:4) 5 fire crabs 5 fire drakes 5 wyverns 5 necrophages 5 shadow imps 5 hobgoblins 5 giant newts 5 crawling corpses 6 deep elf death magi 6 centaur warriors 6 death yaks 6 deep troll earth magi 6 necromancers 6 deep elf summoners 6 wizards 6 orc sorcerers 6 freezing wraiths 6 bog bodies 6 wraiths 6 swamp drakes 6 sky beasts 6 wights 6 giant geckos 7 tentacled monstrosities 7 shadow dragons 7 ogre magi 7 harpies 7 salamanders 7 moths of wrath 7 hippogriffs 7 mottled dragons 7 hounds 7 crimson imps 7 small abominations 7 quokkas 8 ancient liches (Zot:5) 8 deep elf sorcerers (Elf:3) 8 stone giants 8 hell knights 8 naga ritualists 8 mana vipers 8 elephants 8 two-headed ogres 8 boulder beetles 8 wolves 8 porcupines 8 giant cockroaches 8 goblins 9 ironheart preservers 9 deep elf annihilators 9 ice dragons 9 alligators 9 hill giants 9 griffons 9 torpor snails 9 giant leeches 9 phantoms 9 jellies 9 starspawn tentacles (Abyss:1) 10 storm dragons 10 yaktaur captains 10 skeletal warriors 10 large abominations 10 adders 10 bats 11 fire dragons 11 starcursed masses (Abyss:1) 11 fungi 11 plants 12 vault wardens 12 cyclopes 12 komodo dragons 12 worker ants 13 orc knights 13 trolls 13 spriggans 13 ice beasts 13 iguanas 13 kobolds 14 greater nagas 14 ironbrand convokers 14 crocodiles 14 gnolls 15 deep elf conjurers 15 vault sentinels 16 vault guards 16 naga sharpshooters 16 wasps 18 dancing weapons 18 deep trolls 18 giant frogs 18 jackals 19 water moccasins 19 worms 20 spiny frogs 20 deep elf priests 20 blink frogs 20 rats 21 naga warriors 21 hydras 22 Orb Guardians 23 naga magi 24 black mambas 24 sheep 26 swamp worms 28 ugly things 30 deep elf knights 32 vampire mosquitoes 35 ogres 38 yaktaurs 39 insubstantial wisps 41 orc priests 42 deep elf magi 43 orc wizards 44 slime creatures 48 deep elf fighters 53 orc warriors 65 nagas 68 yaks 76 river rats 155 starspawn tentacle segments (Abyss:1) 161 eldritch tentacle segments (Zot:5) 237 orcs
2769 creatures vanquished. The 3-digit Club 155 starspawn tentacle segments (Abyss:1) 161 eldritch tentacle segments (Zot:5) 237 orcs
553 creatures vanquished.

Action                   |  1- 3 |  4- 6 |  7- 9 | 10-12 | 13-15 | 16-18 | 19-21 | 22-24 | 25-27 || total
-------------------------+-------+-------+-------+-------+-------+-------+-------+-------+-------++-------
Melee: Mace              |   109 |    43 |       |       |       |       |       |       |       ||   152
       Quarterstaff      |       |    98 |    56 |       |       |       |       |       |       ||   154
       Morningstar       |       |       |   289 |   383 |       |       |       |       |       ||   672
       Eveningstar       |       |       |       |   373 |  1210 |       |       |       |       ||  1583
       Great mace        |       |       |       |       |   306 |  1164 |  1791 |  1729 |   335 ||  5325
       Dire flail        |       |       |       |       |    11 |    10 |       |       |       ||    21
Throw: Javelin           |     2 |     7 |     7 |    17 |    95 |    40 |    25 |     9 |     6 ||   208
       Tomahawk          |       |       |       |    54 |    88 |    68 |       |       |       ||   210
Invok: Berserk           |     1 |       |     4 |     7 |     1 |     3 |       |     4 |     1 ||    21
       Trog's Hand       |       |       |     3 |     5 |     1 |     1 |     9 |    11 |       ||    30
       Burn Spellbooks   |       |       |     1 |     1 |     6 |       |     9 |     3 |       ||    20
       Brothers in Arms  |       |       |       |       |     2 |     3 |       |     6 |     1 ||    12
 Abil: Fly               |       |       |       |       |     1 |       |       |       |       ||     1
Evoke: Rod               |       |       |       |       |       |       |     6 |       |       ||     6
       Wand              |       |       |       |       |       |       |       |     9 |     3 ||    12
  Use: Scroll            |       |       |    11 |     5 |     3 |     1 |     6 |    21 |     6 ||    53
       Potion            |       |       |       |       |    14 |     2 |     3 |     1 |     4 ||    24
 Stab: Paralysed         |       |     1 |       |       |       |       |       |       |       ||     1
       Petrifying        |       |     1 |       |       |       |       |     1 |       |       ||     2
       Confused          |       |       |     1 |       |       |       |       |       |       ||     1
       Distracted        |       |       |       |       |       |       |       |     2 |       ||     2
  Eat: Chunk             |     1 |     6 |    12 |    22 |    45 |    13 |    29 |    38 |     8 ||   174
       Pizza             |       |       |     1 |     1 |       |       |     2 |       |       ||     4
       Bread ration      |       |       |       |     1 |       |     2 |     5 |     2 |     5 ||    15
       Beef jerky        |       |       |       |       |     1 |     1 |     2 |     1 |       ||     5
       Meat ration       |       |       |       |       |     1 |     3 |       |       |       ||     4
       Fruit             |       |       |       |       |       |       |     2 |       |       ||     2
       Royal jelly       |       |       |       |       |       |       |       |     1 |       ||     1
